 Dungeon Crawl Stone Soup version 0.18.1-50-g88ac8fd (webtiles) character file.

88 Nordron the Changer (level 4, 0/38 HPs)
             Began as a Naga Transmuter on Sept 30, 2016.
             Succumbed to an adder's poison
             ... on level 3 of the Dungeon.
             The game lasted 00:06:06 (1856 turns).

Nordron the Changer (Naga Transmuter)               Turns: 1856, Time: 00:06:07

Health: 0/38       AC:  2    Str: 13    XL:     4   Next: 53%
Magic:  7/7        EV: 10    Int: 13    God:
Gold:   47         SH:  0    Dex: 12    Spells: 1 memorised, 6 levels left

rFire  . . .     SeeInvis +     i - +0 short sword
rCold  . . .     Gourm    .     b - +0 robe
rNeg   . . .     Faith    .     (no shield)
rPois  +         Spirit   .     (no helmet)
rElec  .         Dismiss  .     (no cloak)
rCorr  .         Reflect  .     (no gloves)
SustAt .         Harm     .     (no barding)
MR     .....                    (no amulet)
Stlth  +.........               (no ring)
                                (no ring)

@: lethally poisoned (0 -> -5), very slow, not resistant to hostile
enchantments, very unstealthy
A: see invisible, deformed body, poison resistance, slowness 2, slow metabolism
1, spit poison 2, AC +1
a: Spit Poison


You were on level 3 of the Dungeon.
You were not hungry.

You visited 1 branch of the dungeon, and saw 3 of its levels.

You collected 47 gold pieces.

Inventory:

Hand Weapons
 i - a +0 short sword (weapon)
Missiles
 a - 12 arrows
Armour
 b - a +0 robe (worn)
Scrolls
 e - a scroll of teleportation {unknown}
 h - 2 scrolls of remove curse {unknown}
 k - a scroll of magic mapping {unknown}
 l - 2 scrolls of identify {unknown}
 m - a scroll of noise {unknown}
Potions
 j - a potion of curing {unknown}
Books
 c - a book of Changes

   Spells                             Type                      Level
   a - Beastly Appendage              Transmutation                1
   b - Sticks to Snakes               Transmutation                2
   c - Spider Form                    Transmutation/Poison         3
   d - Ice Form                       Ice/Transmutation            4
   e - Blade Hands                    Transmutation                5
Comestibles
 d - 3 bread rations
 f - 2 chunks of flesh
 g - a beef jerky


   Skills:
 - Level 1.0 Fighting
 - Level 1.5 Dodging
 - Level 3.0 Unarmed Combat
 - Level 2.0 Spellcasting
 * Level 4.6 Transmutations


You had 6 spell levels left.
You knew the following spells:

 Your Spells              Type           Power        Failure   Level  Hunger
a - Beastly Appendage     Trmt           ##....       4%          1    ##.....


Dungeon Overview and Level Annotations

Branches:
Dungeon (3/15)

Altars:
Ashenzari


Innate Abilities, Weirdness & Mutations

You cannot wear boots.
Your serpentine skin is tough (AC +1).
You have supernaturally acute eyesight.
Armour fits poorly on your strangely shaped body.
Your system is resistant to poisons.
You cover ground very slowly.
You have a slow metabolism.
You can spit poison.


Message History

* * * LOW HITPOINT WARNING * * *
Press: ? - help, Shift-Dir - straight line, f - adder
Aim: an adder (severely wounded)
The splash of poison misses the adder.
You feel slightly more hungry.
Your horns disappear.
The adder bites you but does no damage.
You miss the adder.
The adder is severely wounded.
* * * LOW HITPOINT WARNING * * *
You feel sick. The adder closely misses you. The adder bites you.
* * * LOW HITPOINT WARNING * * *
You are more poisoned.
The adder poisons you!
You hit the adder but do no damage.
The adder is severely wounded.
The adder misses you.
You closely miss the adder.
The adder is severely wounded.
You have got your breath back.
You die...

.########
#.......####
###........<.
...........
#.......#
#.......#
#...S..#
#.@.# ##<##
#......#
##.#..... #o
#...### #.
###.# #. .# .
.# .#


You could see an adder.

Vanquished Creatures
  Jessica (D:2)
  2 worms (D:2)
  2 giant geckos
  An orc (D:3)
  A giant cockroach (D:1)
  8 hobgoblins
  9 jackals (D:1)
  7 kobolds (D:1)
  4 bats
  4 giant newts
  6 goblins
  3 rats
48 creatures vanquished.

Notes
Turn   | Place    | Note
--------------------------------------------------------------
     0 | D:1      | Nordron the Naga Transmuter began the quest for the Orb.
     0 | D:1      | Reached XP level 1. HP: 18/18 MP: 3/3
   530 | D:1      | Reached XP level 2. HP: 13/25 MP: 3/5
   862 | D:1      | Reached skill level 3 in Transmutations
  1080 | D:1      | Reached XP level 3. HP: 26/31 MP: 4/6
  1434 | D:2      | Found a shattered altar of Ashenzari.
  1442 | D:2      | Reached skill level 4 in Transmutations
  1667 | D:2      | Reached XP level 4. HP: 38/38 MP: 7/7
  1680 | D:2      | Noticed Jessica
  1694 | D:2      | Killed Jessica
  1854 | D:3      | HP: 1/38 [adder (1)]
  1856 | D:3      | Succumbed to an adder's poison

Skill      XL: |  1  2  3 |
---------------+----------+-----
Transmutations | 3 4 |  4.6
Fighting       | |  1.0
Dodging        | |  1.5
Unarmed Combat | |  3.0
Spellcasting   | |  2.0

Action                   |  1- 3 |  4- 6 || total
-------------------------+-------+-------++-------
Melee: Whip              |    43 |       ||    43
       Unarmed           |     3 |       ||     3
       Headbutt          |    11 |     1 ||    12
       Short sword       |    53 |    18 ||    71
 Cast: Beastly Appendage |    27 |     2 ||    29
 Abil: Spit Poison       |    21 |     7 ||    28
  Eat: Chunk             |     3 |     1 ||     4
Armor: Robe              |    22 |     5 ||    27
Dodge: Dodged            |    72 |    14 ||    86
